 Dungeon Crawl Stone Soup version 0.29-a0-418-gc0181ea820 (webtiles) character file.

Game seed: 6052766438119414690

1355 Hubjo the Firebug (level 8, -9/48 HPs)
             Began as a Deep Elf Fire Elementalist on May 17, 2022.
             Mangled by Maggie
             ... wielding a +0 long sword
              (11 damage)
             ... on level 7 of the Dungeon.
             The game lasted 00:08:22 (9047 turns).

Hubjo the Firebug (Deep Elf Fire Elementalist)      Turns: 9047, Time: 00:08:22

Health: -9/48      AC:  2    Str: 11    XL:     8   Next: 37%
Magic:  3/19       EV: 12    Int: 23    God:
Gold:   456        SH:  5    Dex: 15    Spells: 19/20 levels left

rFire   + . .      SeeInvis .   (no weapon)
rCold   . . .      Faith    .   (no shield)
rNeg    . . .      Spirit   .   a - +0 robe
rPois   .          Reflect  +   (no helmet)
rElec   .          Harm     .   (no cloak)
rCorr   .          Rampage  .   (no gloves)
Will    .....                   (no boots)
Stlth   +++.......              y - amulet of reflection
HPRegen 0.16/turn               z - +6 ring of strength
MPRegen 0.16/turn               q - ring of protection from fire

@: attractive
A: no striking features
a: no special abilities


You were on level 7 of the Dungeon.
You visited 1 branch of the dungeon, and saw 7 of its levels.
You also visited: Sewer.

You collected 456 gold pieces.

Inventory:

Armour
 a - a +0 robe (worn)
 E - a +0 pair of boots
Magical Staves
 D - a staff of poison
Jewellery
 l - a ring of poison resistance
 q - a ring of protection from fire (right hand)
 w - a ring of resist corrosion
 y - an amulet of reflection (around neck)
 z - a +6 ring of strength (left hand)
Wands
 h - a wand of charming (11)
 p - a wand of flame (17)
 v - a wand of digging (5)
Scrolls
 c - 3 scrolls of teleportation {unknown}
 e - a scroll of silence
 f - a scroll of fog
 j - 2 scrolls of amnesia
 n - a scroll of brand weapon {unknown}
 o - a scroll of poison
 A - 3 scrolls of vulnerability
 C - a scroll of enchant armour
Potions
 b - a potion of magic
 d - a potion of degeneration {unknown}
 g - 2 potions of attraction
 i - 2 potions of might {unknown}
 k - a potion of resistance {unknown}
 m - a potion of cancellation {unknown}
 r - 2 potions of ambrosia {unknown}
 s - a potion of haste {unknown}
 t - 2 potions of invisibility
 u - a potion of brilliance {unknown}
 x - 2 potions of curing {unknown}
 B - a potion of flight {unknown}


   Skills:
 + Level 4.0 Fighting
 - Level 2.4 Dodging
 + Level 6.5 Stealth
 + Level 6.6 Spellcasting
 - Level 1.1 Conjurations
 * Level 7.4 Fire Magic


You had 19 spell levels left.
You knew the following spells:

 Your Spells              Type           Power      Damage    Failure   Level
a - Foxfire               Conj/Fire      100%       2x1d9     1%          1

Your spell library contained the following spells:

 Spells                   Type           Power      Damage    Failure   Level
 Scorch                   Fire           82%        2d9       1%          2
 Conjure Flame            Conj/Fire      27%        6-21      4%          3
 Inner Flame              Hex/Fire       24%        N/A       5%          3
 Freeze                   Ice            28%        1d5       9%          1
 Flame Wave               Conj/Fire      27%        2d7       14%         4
 Frozen Ramparts          Ice            14%        1d3       24%         3
 Hailstorm                Conj/Ice       10%        3d5       54%         4


Dungeon Overview and Level Annotations

Branches:
Dungeon (7/15)             Temple (0/1) D:7           Sewer (visited)

Altars:
Elyvilon
Yredelemnul

Annotations:
D:6 Sigmund
D:7 Maggie


Message History

You conjure some foxfire!
The foxfire hits something.
The foxfire hits something but does no damage.
You conjure some foxfire!
The foxfire hits something.
You conjure some foxfire!
The foxfire hits something. x2
You hear some strange, mumbled words.
You conjure some foxfire!
The foxfire hits something.
You hear some strange, mumbled words.
A bolt of fire appears from out of thin air!
The bolt of fire misses you.
You conjure some foxfire!
The foxfire hits something. x2; Something hits you.
You conjure some foxfire!
The foxfire hits something.
Something hits you.
You conjure some foxfire!
The foxfire hits something. x2
You hear some strange, mumbled words.
A bolt of fire appears from out of thin air!
The bolt of fire hits you! You resist.
You conjure some foxfire!
The foxfire hits something.
You hear some strange, mumbled words.
You conjure some foxfire!
The foxfire hits something.
The foxfire hits something but does no damage.
Something hits you.
You are too injured to fight recklessly!
You are too injured to fight recklessly!
You are too injured to fight recklessly!
Casting: Foxfire (safe; 1% risk of failure)
Confirm with . or Enter, or press ? or * to list all spells.
You conjure some foxfire!
The foxfire hits something.
You hear some strange, mumbled words.
A bolt of fire appears from out of thin air!
The bolt of fire hits you! You resist.
* * * LOW HITPOINT WARNING * * *
Casting: Foxfire (safe; 1% risk of failure)
Confirm with . or Enter, or press ? or * to list all spells.
You conjure some foxfire!
The foxfire hits something but does no damage.
The foxfire hits something.
Something hits you!
* * * LOW HITPOINT WARNING * * *
It was a potion of attraction.
You feel attractive to monsters.
The foxfire hits something.
Something hits you!
You die...

*≈,,,≈≈* **, **,,≈≈≈* *,
**,,≈≈** ### ** *,,,≈≈*
###.### #### *,,,,**
##.....# #... ***,,#***
##......# #...
*****,,...##** ##.......#
#...
***,,,,,**#....###.)......##
#... ,,,,,,,**
**#...@..........###...
,,,**,,**
#...{#...............
*****,,,**
#(...#........###....
**,,,,* #$...#.......<#
#.... **,,,,,**
##...#.......## #....
**,,,,,,,* #...#.......#
#.... *,,,,,,,,**
#...##......# #....
*,,,,,,,,,* #...####...##
#.... *,,,,,,,,,* *,,,*
##### #....


There were no monsters in sight!

Vanquished Creatures
  Grinder (D:4)
  Eustachio (D:4)
  A water moccasin (Sewer)
  An ogre (D:4)
  A necrophage (D:5)
  3 scorpions
  A water moccasin zombie (D:4)
  3 hounds
  An orc priest (D:7)
  2 jellies (D:4)
  Jessica (D:2)
  A scorpion zombie (D:4)
  2 orc wizards (D:6)
  A hound zombie (D:4)
  5 gnolls
  7 adders
  A shadow imp (D:6)
  An adder zombie (D:4)
  3 worms
  3 dart slugs
  9 orcs
  6 ball pythons
  4 endoplasms
  2 giant cockroaches (D:1)
  12 goblins
  11 hobgoblins
  5 jackals
  4 quokkas
  5 bats
  5 frilled lizards
  9 kobolds
  9 rats
121 creatures vanquished.

Vanquished Creatures (others)
  1085 foxfires
1085 creatures vanquished.

Grand Total: 1206 creatures vanquished

Notes
Turn   | Place    | Note
-------+----------+-------------------------------------------
     0 | D:1      | Hubjo the Deep Elf Fire Elementalist began the quest for
                  | the Orb.
     0 | D:1      | Reached XP level 1. HP: 10/10 MP: 6/6
   622 | D:1      | Reached XP level 2. HP: 15/16 MP: 4/8
   941 | D:1      | Reached skill level 1 in Fighting
  1753 | D:1      | Reached XP level 3. HP: 20/20 MP: 3/9
  2698 | D:2      | Noticed Jessica
  2703 | D:2      | Killed Jessica
  2802 | D:2      | Identified the +3 leather armour "Ifac" {rElec rF+}
  2904 | D:2      | Reached XP level 4. HP: 26/26 MP: 4/11
  3847 | D:3      | Reached skill level 4 in Fire Magic
  4095 | D:2      | Reached XP level 5. HP: 16/30 MP: 2/13
  4732 | D:3      | You fall into a shaft and drop 1 floor!
  4749 | D:4      | Found a glowing drain.
  4774 | Sewer    | Entered a sewer
  4883 | Sewer    | Noticed a water moccasin
  4889 | Sewer    | Killed a water moccasin
  4890 | Sewer    | Reached XP level 6. HP: 19/36 MP: 7/14
  5809 | D:3      | Found a faded altar of an unknown god.
  5809 | D:3      | Noticed a golden eye
  5813 | D:3      | Noticed an eye of devastation
  5813 | D:3      | Noticed a shining eye
  5813 | D:3      | Noticed a shining eye
  6111 | D:3      | Reached skill level 5 in Fire Magic
  6517 | D:4      | Reached skill level 5 in Spellcasting
  6879 | D:4      | Noticed Eustachio
  6905 | D:4      | Killed Eustachio
  6906 | D:4      | Reached skill level 5 in Stealth
  6906 | D:4      | Reached XP level 7. HP: 41/41 MP: 2/17
  7134 | D:4      | Reached skill level 6 in Fire Magic
  7463 | D:4      | Noticed Grinder
  7474 | D:4      | Killed Grinder
  7475 | D:4      | Reached XP level 8. HP: 47/47 MP: 7/19
  7728 | D:4      | Found a basalt altar of Yredelemnul.
  7914 | D:5      | Entered Level 5 of the Dungeon
  8003 | D:5      | Reached skill level 7 in Fire Magic
  8752 | D:6      | Found a white marble altar of Elyvilon.
  8753 | D:6      | Noticed Sigmund
  9027 | D:7      | Noticed Maggie
  9046 | D:7      | HP: 2/48 [something (7)]
  9047 | D:7      | Mangled by Maggie

Illustrated notes

Levels and vault maps discovered:
D:1:      lightli_arrival_lavapool, layout_basic, grunt_decor_one_mirror,
          hangedman_decor_riveting
D:2:      cheibrodos_greedy_goblins, layout_rooms, minmay_hexomino_u4,
          uniq_jessica
D:3:      layout_basic, hellmonk_ecumenical_altar_watching_god
D:4:      layout_basic, nicolae_yredelemnul_corpse_copse,
          cheibrodos_sewer_entry_bend, minmay_close_crescents, uniq_eustachio,
          uniq_grinder
D:5:      layout_rooms
D:6:      cheibrodos_thug_alley, layout_rooms, mainiacjoe_overflow_brackets,
          uniq_sigmund, uniq_edmund, uniq_prince_ribbit1
D:7:      layout_cave_pods, minmay_temple_entry_fiery, enter_bailey_6,
          uniq_maggie

Skill      XL: |  1  2  3  4  5  6  7  8 |
---------------+-------------------------+-----
Fighting       | 1 2 3 4 |  4.0
Stealth        | 3 4 5 6 |  6.5
Spellcasting   | 4 5 6 |  6.6
Fire Magic     | 4 5 6 7 |  7.4
Dodging        | |  2.4
Conjurations   | |  1.1

Action                   |  1- 3 |  4- 6 |  7- 9 || total
-------------------------+-------+-------+-------++-------
Melee: Unarmed           |       |     3 |       ||     3
 Cast: Foxfire           |   188 |   278 |   174 ||   640
  Use: Scroll            |       |       |     9 ||     9
       Potion            |       |       |     1 ||     1
Armor: Robe              |     2 |    10 |     2 ||    14
Dodge: Dodged            |     9 |    32 |    12 ||    53
Block: Other             |       |       |     6 ||     6

Table legend: (Time is in decaauts)
 A = Elapsed time spent in this place.
 B = Non-inter-level travel time spent in this place.
 C = Inter-level travel time spent in this place.
 D = Time resting spent in this place.
 E = Time spent auto-exploring this place.
 F = Levels seen in this place.
 G = Mean time per level.
                   A        B        C        D        E       F      G
               +--------+--------+--------+--------+--------+-----+--------+
         Total |   9065 |   8960 |    105 |    417 |   7275 |   8 | 1133.1 |
       Dungeon |   8648 |   8543 |    105 |    417 |   6908 |   7 | 1235.4 |
         Sewer |    417 |    417 |      0 |      0 |    367 |   1 |  417.0 |
               +--------+--------+--------+--------+--------+-----+--------+

Top non-repeatable levels by time:
     D:1: 2522 daAuts
     D:2: 1940 daAuts
     D:4: 1879 daAuts
     D:3: 1173 daAuts
     D:5: 650 daAuts
   Sewer: 417 daAuts
     D:6: 311 daAuts
     D:7: 169 daAuts
